 Dungeon Sprint DCSS version bcrawl-1.15-1-g696c4cd9b6 (webtiles) character file.

Game seed: 13607281735682491306

452 FMitz the Skirmisher (level 6, -1/91 HPs)
             Began as a Djinni Fighter on Sept 24, 2019.
             Was an Initiate of Okawaru.
             Succumbed to Sonja's poison
             ... in the Dungeon (Sprint I: "Red Sonja").
             The game lasted 00:06:03 (762 turns).

FMitz the Skirmisher (Djinni Fighter)                Turns: 762, Time: 00:06:04

Health: -1/91      AC:  7    Str: 23    XL:     6   Next: 75%
Magic:  6/6        EV: 11    Int: 11    God:    Okawaru [......]
Gold:   324        SH: 13    Dex: 12    Spells: 5/5 levels left

rFire    . . .     SeeInvis .   a - +0 long sword
rCold    . . .     Gourm    .   c - +1 shield
rNeg     . . .     Faith    .   b - +0 scale mail
rPois    .         Spirit   .   (no helmet)
rElec    .         Reflect  .   (no cloak)
rCorr    .         Harm     .   (no gloves)
MR       .....     Rnd*Rage +   (boots unavailable) Stlth ..........NoTele +
                                (no amulet)
HPRegen  0.25/turn              (no ring)
MPRegen  0.10/turn              (no ring)

@: mighty, berserking (expiring), lethally poisoned (-1 -> -38), flying, hasted
and slowed
A: never pass out, berserk 2, blink, blurry vision 2, wild magic 2, MP-powered
wands, floating
a: Blink, Renounce Religion


You were in the Dungeon.
You worshipped Okawaru.
Okawaru was noncommittal.
You were not hungry.

You visited 1 branch You collected 324 gold pieces.

Inventory:

Hand Weapons
 a - a +0 long sword (weapon)
Armour
 b - a +0 scale mail (worn)
 c - a +1 shield (worn)
 e - a +3 ring mail of poison resistance
Wands
 g - a wand of disintegration (10)
Potions
 i - 2 potions of magic
Comestibles
 f - a ration {!d}


   Skills:
 + Level 7.8 Fighting
 + Level 7.4 Long Blades
 + Level 6.5 Armour
 + Level 6.3 Dodging
 + Level 6.5 Shields


You had 5 spell levels left.
You didn't know any spells.
Your spell library was empty.

Dungeon Overview and Level Annotations

Branches:
Dungeon (1/1)

Altars:
Cheibriados
Dithmenos
Elyvilon
Fedhas
Gozag
Hepliaklqana
Kikubaaqudgha
Nemelex Xobeh
Okawaru
Qazlal
Ru
Sif Muna
Trog
Uskayaw
Vehumet
Wu Jian
Yredelemnul
Zin
The Shining One

Shops:
D :

Annotations:
D Sonja


Innate Abilities, Weirdness & Mutations

You never pass out after going berserk.
You often lose your temper in combat.
You can translocate small distances at will.
Scrolls take you longer to read.
Your spells are harder to cast, but more powerful.
You expend magic power (3 MP) to strengthen your wands.
Your body floats in the air.


Message History

You feel a strong urge to attack something.
* * * LOW HITPOINT WARNING * * *
You feel very sick.
Sonja unwields a +0 blowgun.
Sonja wields a +2 dagger of venom.
It begins to drip with poison!
Sonja barely misses you. You block Sonja's attack. x2
There is an open door here.
You closely miss Sonja.
* * * LOW HITPOINT WARNING * * *
You feel very sick.
You block Sonja's attack. x2; Sonja hits you but does no damage.
You are more poisoned.
You slash Sonja!
Sonja is moderately wounded.
* * * LOW HITPOINT WARNING * * *
You feel very sick.
Sonja zaps a wand.
You resist with some effort.
You completely miss Sonja.
Sonja is moderately wounded.
You die...

#<.#..').#..'..#
#..'..#..').#..+
#..#####'#####'#
#..####..#...#.####§?#
#..#__####..##.#§§≈§c
#).#_____##'#_.+≈≈≈§§
#⌠⌠#_.∩...'..._#
####_..__##_K#'#
#_____###@#[#
#########.### +..$+
#$.$# ##.## #+#


You could see Sonja.

Vanquished Creatures
  Sigmund (D)
  A yak (D)
  An ogre (D)
  A jelly (D)
  Ijyb (D)
5 creatures vanquished.

Notes
Turn   | Place    | Note
-------+----------+-------------------------------------------
     0 | D        | FMitz the Djinni Fighter began the quest for the Orb.
     0 | D        | Reached XP level 1. HP: 19/19 MP: 1/1
     1 | D        | Noticed Ijyb
    62 | D        | Killed Ijyb
    62 | D        | Reached XP level 2. HP: 15/28 MP: 2/2
   110 | D        | Noticed an ogre
   120 | D        | Killed an ogre
   120 | D        | Reached skill level 5 in Fighting
   120 | D        | Reached XP level 3. HP: 36/36 MP: 3/3
   120 | D        | Gained mutation: Your spells are harder to cast, but more
                  | powerful. [Djinni growth]
   120 | D        | Gained mutation: You can translocate small distances at
                  | will. [Djinni growth]
   120 | D        | Reached XP level 4. HP: 42/42 MP: 4/4
   130 | D        | Noticed Sigmund
   142 | D        | Killed Sigmund
   142 | D        | Reached skill level 5 in Armour
   142 | D        | Reached skill level 5 in Dodging
   142 | D        | Reached skill level 5 in Shields
   142 | D        | Reached XP level 5. HP: 47/51 MP: 5/5
   142 | D        | Reached XP level 6. HP: 53/58 MP: 6/6
   174 | D        | Found a shimmering blue altar of Sif Muna.
   175 | D        | Found an ornate altar of the Wu Jian Council.
   176 | D        | Found a radiant altar of Vehumet.
   286 | D        | Found Cubi's Book Emporium.
   286 | D        | Found an ancient bone altar of Kikubaaqudgha.
   286 | D        | Found a hazy altar of Hepliaklqana.
   286 | D        | Found a stormy altar of Qazlal.
   286 | D        | Found a hide-covered altar of Uskayaw.
   286 | D        | Found a blossoming altar of Fedhas.
   286 | D        | Found a bloodstained altar of Trog.
   286 | D        | Found an iron altar of Okawaru.
   286 | D        | Found a basalt altar of Yredelemnul.
   286 | D        | Found a glowing golden altar of the Shining One.
   286 | D        | Found a snail-covered altar of Cheibriados.
   286 | D        | Found a sacrificial altar of Ru.
   286 | D        | Found a glowing silver altar of Zin.
   286 | D        | Found a shadowy altar of Dithmenos.
   286 | D        | Found a white marble altar of Elyvilon.
   286 | D        | Noticed a yak
   586 | D        | Killed a yak
   587 | D        | Found an opulent altar of Gozag.
   709 | D        | Found a sparkling altar of Nemelex Xobeh.
   716 | D        | Became a worshipper of Warmaster Okawaru
   727 | D        | Noticed a centaur warrior
   735 | D        | Noticed Sonja
   746 | D        | Paralysed by Sonja for 3 turns
   760 | D        | HP: 4/91 [poisoned by Sonja (curare-tipped needle)]
   762 | D        | Succumbed to Sonja's poison

Skill      XL: |  1  2  3  4  5  6 |
---------------+-------------------+-----
Fighting       | 4 5 6 7 |  7.8
Long Blades    | 3 4 6 7 |  7.4
Armour         | 3 4 5 6 |  6.5
Dodging        | 2 3 5 6 |  6.3
Shields        | 3 4 5 6 |  6.5

Action                   |  1- 3 |  4- 6 || total
-------------------------+-------+-------++-------
Melee: Unarmed           |    14 |       ||    14
       Long sword        |    10 |    48 ||    58
  Use: Potion            |     2 |     4 ||     6
       Scroll            |       |     2 ||     2
Armor: Skin              |     2 |       ||     2
       Scale mail        |       |    11 ||    11
Dodge: Dodged            |    23 |    11 ||    34
Block: Shield            |     3 |    28 ||    31
